 Dungeon Crawl Stone Soup version 0.22-a0-301-gf0fe05c (webtiles) character file.

92 Amnesiac the Gusty (level 4, -7/24 HPs)
             Began as a Tengu Air Elementalist on Mar 26, 2018.
             Killed from afar by Sigmund (12 damage)
             ... with a puff of flame
             ... on level 2 of the Dungeon.
             The game lasted 00:03:22 (2291 turns).

Amnesiac the Gusty (Tengu Air Elementalist)         Turns: 2291, Time: 00:03:23

Health: -7/24      AC:  2    Str:  9    XL:     4   Next: 60%
Magic:  1/9        EV: 12    Int: 16    God:
Gold:   71         SH:  0    Dex: 14    Spells: 1/8 levels left

rFire    . . .     SeeInvis .   k - +1 dagger (holy)
rCold    . . .     Gourm    .   (no shield)
rNeg     . . .     Faith    .   a - +0 robe
rPois    .         Spirit   .   (helmet restricted)
rElec    .         Reflect  .   (no cloak)
rCorr    .         Harm     .   (no gloves)
MR       .....                  (boots unavailable)
Stlth    ++........             (no amulet)
HPRegen  0.08/turn              (no ring)
MPRegen  0.11/turn              (no ring)

@: no status effects
A: beak, talons 3
a: no special abilities


You were on level 2 of the Dungeon.
You were hungry.

You visited 1 branch of the dungeon, and saw 2 of its levels.

You collected 71 gold pieces.

Inventory:

Hand Weapons
 k - a +1 dagger of holy wrath (weapon)
Missiles
 h - 26 poisoned needles
Armour
 a - a +0 robe (worn)
Scrolls
 d - a scroll of amnesia {!r, unknown}
 e - 3 scrolls of identify {!r, unknown}
 f - 4 scrolls of remove curse {!r, unknown}
 g - a scroll of fear {!r, unknown}
 i - a scroll of magic mapping {!r, unknown}
Potions
 b - 2 potions of haste {!q, unknown}
 j - 2 potions of heal wounds {!q, unknown}
Comestibles
 c - 5 rations
 l - a chunk of flesh


   Skills:
 - Level 2.1 Dodging
 - Level 2.0 Stealth
 + Level 2.9 Spellcasting
 - Level 1.3 Conjurations
 * Level 6.1 Air Magic


You had one spell level left.
You knew the following spells:

 Your Spells              Type           Power        Failure   Level  Hunger
a - Shock                 Conj/Air       ##..         4%          1    #......
b - Swiftness             Chrm/Air       ##......     8%          2    ##.....
d - Airstrike             Air            ###.......   14%         4    #####..


Dungeon Overview and Level Annotations

Branches:
Dungeon (2/15)

Altars:
Elyvilon

Annotations:
D:2 Sigmund


Innate Abilities, Weirdness & Mutations

You have a beak for a mouth.
You have claws for feet.


Message History

Sigmund shouts!
Sigmund is moderately wounded.
Casting: Airstrike (safe; 14% risk of failure)
Confirm with . or Enter, or press ? or * to list all spells.
Aiming: Airstrike (safe; 14% risk of failure)
Press: ? - help, Dir - move target cursor, f/p - Sigmund
Aim: Sigmund, wielding a vampiric scythe and wearing a robe (moderately wounded)
The air twists around and strikes Sigmund!
Sigmund is severely wounded.
You are feeling hungry.
Sigmund breathes a few words.
Sigmund's hands start flickering wildly.
Sigmund points at you and mumbles some strange words.
You resist with some effort.
Casting: Airstrike (safe; 14% risk of failure)
Confirm with . or Enter, or press ? or * to list all spells.
Aiming: Shock (safe; 4% risk of failure)
Press: ? - help, Shift-Dir - straight line, p - Sigmund The zap hits Sigmund.
Sigmund is severely wounded.
The zap misses Sigmund.
Unknown command.
Casting: Shock (safe; 4% risk of failure)
Confirm with . or Enter, or press ? or * to list all spells.
Aiming: Shock (safe; 4% risk of failure)
Press: ? - help, Shift-Dir - straight line The zap misses Sigmund. x2
Casting: Shock (safe; 4% risk of failure)
Confirm with . or Enter, or press ? or * to list all spells.
Aiming: Shock (safe; 4% risk of failure)
Press: ? - help, Shift-Dir - straight line The zap hits Sigmund.
Sigmund is severely wounded.
The zap hits Sigmund.
Sigmund is almost dead.
Sigmund casts a spell at you. The magic dart hits you!
Unknown command.
Sigmund screams, "You will never...
NEVER!!!"
Sigmund gestures wildly while chanting.
Sigmund flickers and vanishes!
Deactivating autopickup; reactivate with Ctrl-A.
Something tries to affect you, but you resist.
A puff of flame appears from out of thin air!
The puff of flame hits you!
* * * LOW HITPOINT WARNING * * *
You swing at nothing.
Casting: Shock (safe; 4% risk of failure)
Confirm with . or Enter, or press ? or * to list all spells.
Aiming: Shock (safe; 4% risk of failure)
Press: ? - help, Shift-Dir - straight line
Okay, then.
Casting: Shock (safe; 4% risk of failure)
Confirm with . or Enter, or press ? or * to list all spells.
Aiming: Shock (safe; 4% risk of failure)
Press: ? - help, Shift-Dir - straight line Unknown command.
A magic dart appears from out of thin air!
The magic dart hits you!
* * * LOW HITPOINT WARNING * * *
A puff of flame appears from out of thin air!
The puff of flame hits you!
Ouch! That really hurt!
You die...

#.# #.# #.# ##### #.# #.# #...#
#.# ######## #.####.#.### #.#
#......# #......._..# #.#
#..≈.≈.# .#######.#.#####.#
#.≈.≈.≈#
#.######.#.......#########.#...##
.........#...........{.....#.≈.#
#.######.#...###@########.##@.$#
.## #...#.# #.# #.# .≈.# ##
#.#...# #.# ##.##...# # #.#.###
#.# ##...#.≈.# #.#.# #.# ##....#
#.#.# #.#####.....# ##
########.#.# #...........# #.
.......#.#.# ##########..### ##
######.#.#.#####........#....#


There were no monsters in sight!

Vanquished Creatures
  3 adders (D:2)
  2 worms (D:2)
  3 dart slugs
  A leopard gecko (D:1)
  8 bats
  A giant cockroach (D:2)
  13 goblins
  7 hobgoblins
  A kobold (D:1)
  2 ball pythons (D:2)
  4 frilled lizards
  9 rats
54 creatures vanquished.

Notes
Turn   | Place    | Note
-------+----------+-------------------------------------------
     0 | D:1      | Amnesiac the Tengu Air Elementalist began the quest for the Orb.
     0 | D:1      | Reached XP level 1. HP: 10/10 MP: 4/4
   170 | D:1      | Reached XP level 2. HP: 15/15 MP: 4/6
   452 | D:1      | Reached skill level 5 in Air Magic
   519 | D:1      | Reached XP level 3. HP: 19/19 MP: 1/7
   523 | D:1      | Learned a level 2 spell: Swiftness
  1107 | D:2      | Noticed Sigmund
  1161 | D:2      | Reached XP level 4. HP: 14/24 MP: 1/9
  1335 | D:2      | Found a white marble altar of Elyvilon.
  1436 | D:2      | Learned a level 4 spell: Airstrike
  1811 | D:2      | Reached skill level 6 in Air Magic
  2291 | D:2      | Killed from afar by Sigmund

Vault maps used:
D:1:      dpeg_arrival_chase
D:2:      lemuel_crystal_altar, nicolae_ru_path_of_blood, first_ration,
          kennysheep_generic_room_7, uniq_sigmund

Skill      XL: |  1  2  3  4 |
---------------+-------------+-----
Air Magic      | 5 6 |  6.1
Dodging        | |  2.1
Stealth        | |  2.0
Spellcasting   | |  2.9
Conjurations   | |  1.3

Action                   |  1- 3 |  4- 6 || total
-------------------------+-------+-------++-------
Melee: Unarmed           |     6 |       ||     6
       Kick              |     1 |       ||     1
       Dagger            |       |     9 ||     9
       Peck              |       |     2 ||     2
 Cast: Shock             |    74 |    46 ||   120
       Airstrike         |       |     2 ||     2
  Eat: Chunk             |     2 |     3 ||     5
Armor: Robe              |     6 |     2 ||     8
Dodge: Dodged            |    11 |    12 ||    23

Table legend:
 A = Spawn XP
 B = Non-spawn XP
 C = Spawn XP percentage of total XP
 D = Spawn monster count
 E = Non-spawn monster count
 F = Spawn count percentage of total count
 G = Total turns spent on level
                    A         B        C        D         E        F      G
               +---------+---------+-------+---------+---------+-------+---------
         Total |       0 |     132 |   0.0 |       0 |      54 |   0.0 |  2291
               +---------+---------+-------+---------+---------+-------+---------
           D:1 |       0 |      54 |   0.0 |       0 |      31 |   0.0 |   952
           D:2 |       0 |      78 |   0.0 |       0 |      23 |   0.0 |  1339
               +---------+---------+-------+---------+---------+-------+---------
